 Dungeon Crawl Stone Soup version 0.18-a0-1677-g2bdad6c (webtiles) character file.

116 HeWhoDoesNotSavescum the Insei (level 4, 0/35 HPs)
             Began as a Mummy Monk on Apr 2, 2016.
             Slain by an adder (4 damage)
             ... on level 2 of the Dungeon.
             The game lasted 00:02:44 (3220 turns).

HeWhoDoesNotSavescum the Insei (Mummy Monk)         Turns: 3220, Time: 00:02:44

Health: 0/35       AC:  0    Str: 14    XL:     4   Next: 69%
Magic:  4/4        EV: 13    Int:  9    God:
Gold:   126        SH:  0    Dex: 15    Spells: 0 memorised, 3 levels left

rFire  . . .     SeeInvis .       - Unarmed
rCold  + . .     Gourm    .     (no armour)
rNeg   + + +     Faith    .     (no shield)
rPois  ∞         Spirit   .     (no helmet)
rElec  .         Dismiss  .     (no cloak)
rCorr  .         Reflect  .     (no gloves)
SustAt .         Harm     .     (no boots)
MR     .....                    (no amulet)
Stlth  ++........               (no ring)
                                d - ring of protection from fire

@: not resistant to hostile enchantments, unstealthy
A: no food or potions, fire vulnerability, cold resistance 1, negative energy
resistance 3, torment resistance, unbreathing
a: no special abilities


You were on level 2 of the Dungeon.
You were not hungry.

You visited 1 branch of the dungeon, and saw 2 of its levels.

You collected 126 gold pieces.


Innate Abilities, Weirdness & Mutations

You do not eat or drink.
Your flesh is vulnerable to fire.
You are immune to poison.
Your flesh is cold resistant.
You are immune to negative energy.
You are immune to unholy pain and torment.
You can survive without breathing.


   Skills:
 + Level 3.1 Fighting
 - Level 2.4 Dodging
 - Level 1.5 Stealth
 - Level 5.0 Unarmed Combat


You had 3 spell levels left.
You didn't know any spells.

Inventory:

Jewellery
 d - a ring of protection from fire (left hand)
Scrolls
 a - a scroll of remove curse
 b - a scroll of recharging
 c - 2 scrolls of teleportation {@r4}

Dungeon Overview and Level Annotations

Branches:
Dungeon (2/15)

Altars:

▒.....▒▒▒▒▒......▒▒......
▒.......>........†.......
▒................▒▒▒.....
▒....B.......▒▒▒▒▒ ▒....(
▒▒▒▒.▒.......▒ ▒.....
▒.▒▒▒.▒▒▒▒▒ ▒.▒+▒▒ ▒.▒
▒B▒ ▒.▒.▒ ▒.▒ ▒S▒ ▒.▒.▒
▒.▒ ▒M▒ ▒...▒▒ ▒.▒
▒.▒▒▒▒▒▒▒▒▒▒▒.....
▒.▒▒▒.................
▒.....†.......▒▒▒.▒<÷.
▒▒▒▒▒▒▒▒▒▒▒▒▒.▒ ▒.▒▒▒▒
▒.▒ ▒.....
▒▒▒▒▒▒.▒▒▒▒▒▒▒.
▒....†.!.......
▒.......▒▒▒▒▒▒.


You could see an adder and a giant cockroach.


Message History

You are too injured to fight recklessly!!!
You are too injured to fight recklessly!!!
You are too injured to fight recklessly!!!
You are too injured to fight recklessly!!!
You pulverise the worm!
The worm is heavily wounded!
You squash the worm like an ant!
The worm is almost dead!
The worm bites you!!! * * * don't die
* * * You pulverise the worm!!!
You annihilate the worm!!!
You start resting!
A giant cockroach comes into view!
An adder comes into view!
There is a stone staircase leading down here!
You swing at nothing!
You pummel the adder but do no damage! The adder bites you! * * * don't die
* * * You beat the adder into a bloody pulp!
The adder is heavily wounded!
The adder barely misses you!
You closely miss the adder!
The adder is heavily wounded!
The adder completely misses you! The adder bites you! * * * don't die
* * * You pummel the adder like a punching bag!
The adder is severely wounded!
The adder bites you! rip

Action                   |  1- 3 |  4- 6 || total
-------------------------+-------+-------++-------
Melee: Unarmed           |   150 |    63 ||   213
  Use: Scroll            |       |     4 ||     4
 Stab: Sleeping          |     4 |       ||     4
       Distracted        |       |     1 ||     1

Vault maps used:
D:1:      sevenhm_arrival_forest_fort_large_4

Notes
Turn   | Place    | Note
--------------------------------------------------------------
     0 | D:1      | HeWhoDoesNotSavescum the Mummy Monk began the quest for the Orb.
     0 | D:1      | Reached XP level 1. HP: 18/18 MP: 1/1
   119 | D:1      | Reached XP level 2. HP: 4/24 MP: 2/2
   810 | D:1      | Reached skill level 4 in Unarmed Combat
  1175 | D:1      | Reached XP level 3. HP: 19/29 MP: 3/3
  2443 | D:2      | Reached XP level 4. HP: 21/35 MP: 4/4
  2955 | D:2      | Reached skill level 5 in Unarmed Combat
  3220 | D:2      | Slain by an adder

Vanquished Creatures
  3 adders (D:2)
  3 oozes (D:2)
  2 worms (D:2)
  A dart slug (D:2)
  2 giant geckos
  2 giant cockroaches
  7 goblins
  8 hobgoblins
  10 jackals
  2 quokkas (D:2)
  9 bats
  3 giant newts
  6 kobolds
  4 rats
62 creatures vanquished.
